[ AOE2 MATCH · #483143599 ]
Team RMTeutons vs Khmer
[ REPLAY ANALYSIS · EXTRACTED FROM THE RECORDED GAME ]
Feudal
12:39
Castle
17:29
Imperial
—
| APM avg | 24.8 |
| APM peak | 58 |
| eAPM avg | 10.4 |
| Villagers / military | 29 / 0 |
Focus
⚔️ 31.8% · 🌾 68.2%
Feudal
10:31
Castle
—
Imperial
—
| APM avg | 38.5 |
| APM peak | 60 |
| eAPM avg | 15.1 |
| Villagers / military | 42 / 5 |
Focus
⚔️ 44.1% · 🌾 55.9%
Scout Cavalry ×5
Feudal
10:07
Castle
16:57
Imperial
—
| APM avg | 34.2 |
| APM peak | 64 |
| eAPM avg | 12.9 |
| Villagers / military | 37 / 6 |
Focus
⚔️ 12.7% · 🌾 87.3%
Scout Cavalry ×4 · Spearman ×2
Feudal
—
Castle
—
Imperial
—
| APM avg | 15.1 |
| APM peak | 42 |
| eAPM avg | 10.5 |
| Villagers / military | 35 / 1 |
Focus
⚔️ 10.9% · 🌾 89.1%
Spearman ×1
Feudal
12:32
Castle
—
Imperial
—
| APM avg | 13.3 |
| APM peak | 35 |
| eAPM avg | 8.7 |
| Villagers / military | 34 / 3 |
Focus
⚔️ 13.6% · 🌾 86.4%
Spearman ×3
Feudal
12:14
Castle
16:19
Imperial
—
| APM avg | 41.0 |
| APM peak | 63 |
| eAPM avg | 13.0 |
| Villagers / military | 40 / 2 |
Focus
⚔️ 12.9% · 🌾 87.1%
Battle Elephant ×2
Match map
Resources at game start + every placement click. Thick line = wall · dashed box = detected house wall. 🟡 gold · ⚪ stone · 🟢 berries · 🔶 boar · ⭕ relic
Inputs per minute
— [M] Nico - - JohnCarter
Build order — [M] Nico
59 actions detected in the replay
| 0:03 | Build | House |
| 0:05 | Build | House |
| 0:11 | Create | Villager (Male) |
| 0:11 | Create | Villager (Male) |
| 0:12 | Create | Villager (Male) |
| 0:18 | Create | Villager (Male) |
| 0:18 | Create | Villager (Male) |
| 1:52 | Create | Villager (Male) |
| 1:53 | Create | Villager (Male) |
| 2:11 | Build | Lumber Camp |
| 2:12 | Create | Villager (Male) |
| 2:12 | Create | Villager (Male) |
| 2:29 | Create | Villager (Male) |
| 3:10 | Create | Villager (Male) |
| 3:25 | Create | Villager (Male) |
| 3:43 | Create | Villager (Male) |
| 4:19 | Create | Villager (Male) |
| 4:54 | Create | Villager (Male) |
| 4:54 | Create | Villager (Male) |
| 4:54 | Create | Villager (Male) |
| 4:54 | Create | Villager (Male) |
| 5:00 | Build | House |
| 5:21 | Create | Villager (Male) |
| 5:21 | Create | Villager (Male) |
| 5:21 | Create | Villager (Male) |
| 5:28 | Build | House |
| 5:40 | Build | Palisade Wall |
| 5:43 | Build | Palisade Wall |
| 6:23 | Create | Villager (Male) |
| 7:00 | Create | Villager (Male) |
| 7:10 | Build | Palisade Wall |
| 7:19 | Build | Palisade Wall |
| 7:44 | Create | Villager (Male) |
| 8:03 | Create | Villager (Male) |
| 8:17 | Build | Mill |
| 8:22 | Create | Villager (Male) |
| 8:51 | Create | Villager (Male) |
| 9:40 | Build | Mining Camp |
| 10:04 | Research | Loom |
| 10:04 | Research | Feudal Age |
| 11:38 | Build | House |
| 12:39 | Age | Feudal Age |
| 12:51 | Build | Market |
| 12:55 | Build | Blacksmith |
| 13:11 | Build | Farm |
| 13:14 | Build | Farm |
| 13:23 | Create | Villager (Male) |
| 13:23 | Create | Villager (Male) |
| 14:49 | Research | Castle Age |
| 14:49 | Research | Castle Age |
| 14:55 | Build | Farm |
| 14:56 | Build | Farm |
| 14:56 | Build | Farm |
| 15:01 | Build | Farm |
| 15:01 | Build | Farm |
| 15:02 | Build | Farm |
| 15:02 | Build | Farm |
| 15:02 | Build | Farm |
| 17:29 | Age | Castle Age |
Build order — JohnCarter
88 actions detected in the replay
| 0:06 | Create | Villager (Male) |
| 0:06 | Create | Villager (Male) |
| 0:06 | Create | Villager (Male) |
| 0:07 | Create | Villager (Male) |
| 0:07 | Create | Villager (Male) |
| 0:07 | Create | Villager (Male) |
| 0:07 | Create | Villager (Male) |
| 0:09 | Build | House |
| 0:11 | Build | House |
| 1:53 | Build | Lumber Camp |
| 2:13 | Create | Villager (Male) |
| 2:13 | Create | Villager (Male) |
| 2:13 | Create | Villager (Male) |
| 2:13 | Create | Villager (Male) |
| 2:18 | Create | Villager (Male) |
| 3:08 | Create | Villager (Male) |
| 3:08 | Create | Villager (Male) |
| 3:19 | Build | Palisade Wall |
| 3:21 | Build | Palisade Wall |
| 3:29 | Create | Villager (Male) |
| 4:00 | Build | House |
| 4:06 | Create | Villager (Male) |
| 4:18 | Create | Villager (Male) |
| 4:19 | Create | Villager (Male) |
| 4:31 | Build | Mill |
| 4:38 | Create | Villager (Male) |
| 5:21 | Create | Villager (Male) |
| 5:21 | Create | Villager (Male) |
| 5:21 | Create | Villager (Male) |
| 6:15 | Create | Villager (Male) |
| 6:21 | Build | House |
| 6:26 | Create | Villager (Male) |
| 6:57 | Create | Villager (Male) |
| 7:06 | Build | Building 800 |
| 7:38 | Research | Loom |
| 8:01 | Build | Barracks |
| 8:06 | Build | House |
| 8:27 | Research | Feudal Age |
| 8:48 | Build | House |
| 9:38 | Build | House |
| 9:40 | Build | House |
| 10:08 | Build | Mining Camp |
| 10:31 | Age | Feudal Age |
| 10:33 | Create | Villager (Male) |
| 10:50 | Build | Stable |
| 10:58 | Create | Villager (Male) |
| 11:02 | Research | Double-Bit Axe |
| 11:28 | Create | Scout Cavalry |
| 11:28 | Create | Scout Cavalry |
| 11:37 | Create | Villager (Male) |
| 11:37 | Create | Villager (Male) |
| 12:11 | Create | Scout Cavalry |
| 12:24 | Create | Villager (Male) |
| 12:43 | Build | Blacksmith |
| 12:49 | Create | Villager (Male) |
| 12:56 | Create | Scout Cavalry |
| 13:00 | Create | Villager (Male) |
| 13:28 | Research | Scale Barding Armor |
| 13:32 | Build | Mill |
| 13:59 | Create | Villager (Male) |
| 14:04 | Build | Palisade Wall |
| 14:09 | Create | Villager (Male) |
| 14:19 | Create | Scout Cavalry |
| 14:19 | Create | Villager (Male) |
| 14:23 | Research | Horse Collar |
| 14:42 | Build | House |
| 14:47 | Build | Farm |
| 15:02 | Create | Villager (Male) |
| 15:05 | Build | Farm |
| 15:08 | Build | Farm |
| 15:10 | Build | Farm |
| 15:52 | Create | Villager (Male) |
| 15:54 | Build | Farm |
| 16:13 | Build | Farm |
| 16:17 | Build | Market |
| 16:20 | Create | Villager (Male) |
| 16:22 | Build | Farm |
| 16:35 | Create | Villager (Male) |
| 16:38 | Build | Farm |
| 16:42 | Build | Farm |
| 16:46 | Build | Farm |
| 16:47 | Build | Farm |
| 17:11 | Build | Mining Camp |
| 17:27 | Create | Villager (Male) |
| 17:57 | Build | Farm |
| 17:59 | Create | Villager (Male) |
| 18:26 | Build | Farm |
| 18:29 | Create | Villager (Male) |
Build order — Filrej
80 actions detected in the replay
| 0:01 | Create | Villager (Male) |
| 0:01 | Create | Villager (Male) |
| 0:01 | Create | Villager (Male) |
| 0:01 | Create | Villager (Male) |
| 0:02 | Build | House |
| 0:04 | Build | House |
| 1:59 | Create | Villager (Male) |
| 2:00 | Create | Villager (Male) |
| 2:32 | Create | Villager (Male) |
| 2:32 | Create | Villager (Male) |
| 2:45 | Build | Lumber Camp |
| 3:05 | Build | Lumber Camp |
| 3:15 | Create | Villager (Male) |
| 3:15 | Create | Villager (Male) |
| 3:15 | Create | Villager (Male) |
| 3:31 | Create | Villager (Male) |
| 3:50 | Build | House |
| 3:58 | Build | House |
| 4:00 | Create | Villager (Male) |
| 4:00 | Create | Villager (Male) |
| 4:42 | Create | Villager (Male) |
| 5:02 | Create | Villager (Male) |
| 5:08 | Create | Villager (Male) |
| 6:03 | Create | Villager (Male) |
| 6:04 | Create | Villager (Male) |
| 6:44 | Build | Mill |
| 7:08 | Create | Villager (Male) |
| 7:17 | Create | Villager (Male) |
| 7:57 | Research | Feudal Age |
| 8:04 | Build | Barracks |
| 8:58 | Build | Lumber Camp |
| 9:19 | Create | Villager (Male) |
| 9:19 | Create | Villager (Male) |
| 10:07 | Age | Feudal Age |
| 10:10 | Build | Stable |
| 10:55 | Build | Palisade Wall |
| 10:56 | Create | Scout Cavalry |
| 10:57 | Create | Scout Cavalry |
| 10:57 | Create | Scout Cavalry |
| 10:57 | Create | Scout Cavalry |
| 11:35 | Build | Mining Camp |
| 11:48 | Create | Villager (Male) |
| 11:50 | Create | Villager (Male) |
| 12:26 | Build | Blacksmith |
| 13:31 | Build | Stone Wall |
| 14:17 | Research | Castle Age |
| 14:27 | Create | Spearman |
| 14:28 | Create | Spearman |
| 16:01 | Create | Villager (Male) |
| 16:14 | Build | House |
| 16:15 | Build | House |
| 16:22 | Build | Stone Wall |
| 16:40 | Build | Building 487 |
| 16:47 | Create | Villager (Male) |
| 16:47 | Create | Villager (Male) |
| 16:57 | Age | Castle Age |
| 17:02 | Research | Loom |
| 17:05 | Build | Farm |
| 17:06 | Build | Farm |
| 17:06 | Build | Farm |
| 17:06 | Build | Farm |
| 17:19 | Build | Farm |
| 17:19 | Build | Farm |
| 17:19 | Build | Farm |
| 17:20 | Build | Farm |
| 17:20 | Build | Farm |
| 17:20 | Build | Farm |
| 17:20 | Build | Farm |
| 17:21 | Build | Farm |
| 17:33 | Create | Villager (Male) |
| 18:05 | Create | Villager (Male) |
| 18:12 | Build | Farm |
| 18:13 | Build | Farm |
| 18:17 | Create | Villager (Male) |
| 18:18 | Create | Villager (Male) |
| 18:35 | Create | Villager (Male) |
| 18:36 | Create | Villager (Male) |
| 18:52 | Create | Villager (Male) |
| 18:53 | Create | Villager (Male) |
| 19:03 | Create | Villager (Male) |
Build order — Jumilka5029
85 actions detected in the replay
| 0:03 | Build | House |
| 0:04 | Create | Villager (Male) |
| 0:04 | Create | Villager (Male) |
| 0:04 | Create | Villager (Male) |
| 0:05 | Create | Villager (Male) |
| 0:06 | Build | House |
| 1:35 | Create | Villager (Male) |
| 1:49 | Build | Lumber Camp |
| 1:59 | Create | Villager (Male) |
| 2:28 | Create | Villager (Male) |
| 3:08 | Create | Villager (Male) |
| 3:08 | Create | Villager (Male) |
| 3:08 | Create | Villager (Male) |
| 3:39 | Build | House |
| 3:40 | Build | House |
| 3:47 | Build | Palisade Wall |
| 3:56 | Create | Villager (Male) |
| 4:27 | Create | Villager (Male) |
| 4:27 | Create | Villager (Male) |
| 5:23 | Create | Villager (Male) |
| 5:24 | Create | Villager (Male) |
| 5:31 | Create | Villager (Male) |
| 5:32 | Create | Villager (Male) |
| 5:56 | Build | Mill |
| 6:11 | Create | Villager (Male) |
| 6:12 | Create | Villager (Male) |
| 6:26 | Build | House |
| 7:15 | Build | Barracks |
| 7:24 | Create | Villager (Male) |
| 7:27 | Create | Villager (Male) |
| 7:27 | Create | Villager (Male) |
| 7:29 | Create | Villager (Male) |
| 7:59 | Build | Palisade Wall |
| 8:26 | Build | Mining Camp |
| 8:46 | Build | Palisade Wall |
| 8:59 | Research | Loom |
| 9:19 | Research | Feudal Age |
| 9:29 | Build | Mill |
| 9:54 | Build | Palisade Wall |
| 9:56 | Build | Palisade Wall |
| 9:59 | Build | Palisade Wall |
| 10:09 | Create | Villager (Male) |
| 10:09 | Create | Villager (Male) |
| 10:47 | Build | House |
| 11:57 | Build | Stone Wall |
| 12:45 | Build | Market |
| 12:57 | Build | Stone Wall |
| 13:03 | Build | Blacksmith |
| 13:15 | Create | Villager (Male) |
| 13:15 | Create | Villager (Male) |
| 13:50 | Research | Castle Age |
| 14:03 | Build | Stone Wall |
| 14:08 | Build | Stone Wall |
| 14:12 | Create | Spearman |
| 14:18 | Research | Double-Bit Axe |
| 14:35 | Build | Lumber Camp |
| 14:45 | Build | Palisade Wall |
| 14:51 | Create | Villager (Male) |
| 14:57 | Build | Farm |
| 14:57 | Build | Farm |
| 15:31 | Research | Horse Collar |
| 15:33 | Build | Farm |
| 15:44 | Build | Farm |
| 15:54 | Build | Farm |
| 16:31 | Create | Villager (Male) |
| 16:31 | Create | Villager (Male) |
| 16:44 | Build | Stone Wall |
| 17:13 | Build | Town Center |
| 17:17 | Create | Villager (Male) |
| 17:19 | Research | Wheelbarrow |
| 17:19 | Research | Town Watch |
| 17:42 | Build | House |
| 17:44 | Build | House |
| 17:45 | Build | House |
| 17:46 | Build | House |
| 17:47 | Build | House |
| 18:04 | Build | Town Center |
| 18:07 | Create | Villager (Male) |
| 18:12 | Build | Farm |
| 18:13 | Build | Farm |
| 18:13 | Build | Farm |
| 18:13 | Build | Farm |
| 18:21 | Create | Villager (Male) |
| 18:51 | Create | Villager (Male) |
| 18:52 | Create | Villager (Male) |
Build order — Greegos
91 actions detected in the replay
| 0:02 | Create | Villager (Male) |
| 0:02 | Create | Villager (Male) |
| 0:03 | Build | House |
| 0:04 | Build | House |
| 0:35 | Create | Villager (Male) |
| 0:58 | Create | Villager (Male) |
| 1:40 | Create | Villager (Male) |
| 1:45 | Build | Lumber Camp |
| 2:47 | Create | Villager (Male) |
| 2:47 | Create | Villager (Male) |
| 3:44 | Create | Villager (Male) |
| 3:50 | Create | Villager (Male) |
| 4:38 | Build | House |
| 5:04 | Build | Mill |
| 5:06 | Create | Villager (Male) |
| 5:07 | Create | Villager (Male) |
| 5:07 | Create | Villager (Male) |
| 6:16 | Create | Villager (Male) |
| 6:38 | Create | Villager (Male) |
| 6:52 | Build | Lumber Camp |
| 6:59 | Create | Villager (Male) |
| 6:59 | Create | Villager (Male) |
| 7:02 | Build | House |
| 7:27 | Build | Palisade Wall |
| 7:28 | Build | Palisade Wall |
| 7:34 | Create | Villager (Male) |
| 8:08 | Create | Villager (Male) |
| 8:34 | Build | Palisade Wall |
| 8:48 | Create | Villager (Male) |
| 8:48 | Create | Villager (Male) |
| 8:57 | Build | Mining Camp |
| 9:17 | Research | Loom |
| 9:27 | Build | Barracks |
| 9:39 | Build | Palisade Wall |
| 9:43 | Build | Palisade Wall |
| 9:48 | Build | Palisade Wall |
| 9:51 | Build | Palisade Wall |
| 10:17 | Build | House |
| 10:22 | Research | Feudal Age |
| 11:00 | Build | House |
| 11:30 | Create | Villager (Male) |
| 11:30 | Create | Villager (Male) |
| 12:06 | Build | Palisade Wall |
| 12:08 | Build | Palisade Wall |
| 12:15 | Create | Villager (Male) |
| 12:16 | Create | Villager (Male) |
| 12:32 | Age | Feudal Age |
| 12:44 | Research | Double-Bit Axe |
| 12:48 | Research | Horse Collar |
| 12:52 | Build | Farm |
| 12:53 | Build | Farm |
| 12:57 | Build | Farm |
| 13:06 | Build | Farm |
| 13:13 | Create | Villager (Male) |
| 13:13 | Create | Villager (Male) |
| 13:48 | Build | Stone Wall |
| 14:00 | Build | Stone Wall |
| 14:19 | Build | Farm |
| 14:20 | Build | Farm |
| 14:21 | Build | Farm |
| 14:25 | Build | Farm |
| 14:30 | Create | Villager (Male) |
| 14:31 | Create | Villager (Male) |
| 14:36 | Build | Farm |
| 14:46 | Build | Farm |
| 14:50 | Build | Farm |
| 14:54 | Build | Farm |
| 15:11 | Build | Stable |
| 15:30 | Build | Lumber Camp |
| 15:42 | Create | Spearman |
| 15:42 | Create | Spearman |
| 15:42 | Create | Spearman |
| 15:50 | Create | Villager (Male) |
| 15:50 | Create | Villager (Male) |
| 16:16 | Build | Farm |
| 16:24 | Build | Farm |
| 16:34 | Build | House |
| 16:35 | Build | House |
| 16:36 | Build | House |
| 16:55 | Build | Market |
| 17:08 | Build | Blacksmith |
| 17:11 | Create | Villager (Male) |
| 18:01 | Build | Mining Camp |
| 18:13 | Research | Castle Age |
| 18:23 | Research | Gold Mining |
| 18:52 | Build | Stone Wall |
| 19:03 | Build | Building 490 |
| 19:08 | Research | Bloodlines |
| 19:14 | Create | Villager (Male) |
| 19:15 | Create | Villager (Male) |
| 19:15 | Create | Villager (Male) |
Build order — Velkej_kiba
72 actions detected in the replay
| 0:04 | Build | House |
| 0:05 | Build | House |
| 0:07 | Create | Villager (Male) |
| 0:07 | Create | Villager (Male) |
| 0:07 | Create | Villager (Male) |
| 0:07 | Create | Villager (Male) |
| 1:52 | Create | Villager (Male) |
| 1:52 | Create | Villager (Male) |
| 2:38 | Build | Lumber Camp |
| 2:46 | Create | Villager (Male) |
| 2:46 | Create | Villager (Male) |
| 3:01 | Create | Villager (Male) |
| 3:01 | Create | Villager (Male) |
| 3:23 | Create | Villager (Male) |
| 3:23 | Create | Villager (Male) |
| 3:44 | Create | Villager (Male) |
| 3:44 | Create | Villager (Male) |
| 4:15 | Create | Villager (Male) |
| 4:15 | Create | Villager (Male) |
| 4:28 | Build | House |
| 4:38 | Build | Mill |
| 4:53 | Create | Villager (Male) |
| 4:53 | Create | Villager (Male) |
| 5:49 | Create | Villager (Male) |
| 6:05 | Create | Villager (Male) |
| 6:09 | Build | House |
| 6:23 | Build | Lumber Camp |
| 7:00 | Create | Villager (Male) |
| 7:49 | Create | Villager (Male) |
| 7:55 | Create | Villager (Male) |
| 8:08 | Create | Villager (Male) |
| 9:14 | Create | Villager (Male) |
| 9:15 | Create | Villager (Male) |
| 9:24 | Build | Mining Camp |
| 9:27 | Research | Loom |
| 9:33 | Research | Feudal Age |
| 10:46 | Build | House |
| 11:24 | Build | House |
| 11:51 | Create | Villager (Male) |
| 11:51 | Create | Villager (Male) |
| 12:12 | Build | Palisade Wall |
| 12:14 | Age | Feudal Age |
| 12:46 | Build | Blacksmith |
| 12:49 | Build | Palisade Wall |
| 12:55 | Build | Market |
| 12:58 | Build | House |
| 13:08 | Build | Farm |
| 13:13 | Create | Villager (Male) |
| 13:39 | Research | Castle Age |
| 13:39 | Research | Castle Age |
| 14:33 | Create | Villager (Male) |
| 14:33 | Create | Villager (Male) |
| 15:47 | Create | Villager (Male) |
| 15:52 | Build | Farm |
| 15:53 | Build | Farm |
| 15:54 | Build | Farm |
| 15:56 | Build | Farm |
| 15:58 | Build | Farm |
| 16:19 | Age | Castle Age |
| 16:37 | Build | Town Center |
| 16:40 | Create | Villager (Male) |
| 16:59 | Build | Stable |
| 17:24 | Build | Farm |
| 17:25 | Create | Villager (Male) |
| 17:26 | Create | Villager (Male) |
| 17:34 | Create | Battle Elephant |
| 17:34 | Create | Battle Elephant |
| 17:44 | Build | Palisade Wall |
| 17:48 | Build | Farm |
| 17:50 | Create | Villager (Male) ×5 |
| 18:19 | Build | Town Center |
| 18:22 | Build | Farm |
Match timeline
| 3:19 | JohnCarter · wall_segment Palisade Wall x10 |
| 3:21 | JohnCarter · wall_segment Palisade Wall x16 |
| 3:47 | Jumilka5029 · wall_segment Palisade Wall x10 |
| 5:40 | [M] Nico · wall_segment Palisade Wall x4 |
| 5:43 | [M] Nico · wall_segment Palisade Wall x11 |
| 7:10 | [M] Nico · wall_segment Palisade Wall x9 |
| 7:15 | Jumilka5029 · first_building Barracks |
| 7:19 | [M] Nico · wall_segment Palisade Wall x8 |
| 7:27 | Greegos · wall_segment Palisade Wall x1 |
| 7:28 | Greegos · wall_segment Palisade Wall x1 |
| 7:59 | Jumilka5029 · wall_segment Palisade Wall x6 |
| 8:01 | JohnCarter · first_building Barracks |
| 8:04 | Filrej · first_building Barracks |
| 8:34 | Greegos · wall_segment Palisade Wall x4 |
| 8:46 | Jumilka5029 · wall_segment Palisade Wall x7 |
| 9:27 | Greegos · first_building Barracks |
| 9:39 | Greegos · wall_segment Palisade Wall x4 |
| 9:43 | Greegos · wall_segment Palisade Wall x4 |
| 9:48 | Greegos · wall_segment Palisade Wall x4 |
| 9:51 | Greegos · wall_segment Palisade Wall x2 |
| 9:54 | Jumilka5029 · wall_segment Palisade Wall x15 |
| 9:56 | Jumilka5029 · wall_segment Palisade Wall x1 |
| 9:59 | Jumilka5029 · wall_segment Palisade Wall x5 |
| 10:07 | Filrej · age_up feudal |
| 10:10 | Filrej · first_building Stable |
| 10:31 | JohnCarter · age_up feudal |
| 10:50 | JohnCarter · first_building Stable |
| 10:55 | Filrej · wall_segment Palisade Wall x12 |
| 11:57 | Jumilka5029 · wall_segment Stone Wall x9 |
| 12:06 | Greegos · wall_segment Palisade Wall x4 |
| 12:08 | Greegos · wall_segment Palisade Wall x4 |
| 12:12 | Velkej_kiba · wall_segment Palisade Wall x4 |
| 12:14 | Velkej_kiba · age_up feudal |
| 12:32 | Greegos · age_up feudal |
| 12:39 | [M] Nico · age_up feudal |
| 12:49 | Velkej_kiba · wall_segment Palisade Wall x5 |
| 12:57 | Jumilka5029 · wall_segment Stone Wall x6 |
| 13:31 | Filrej · wall_segment Stone Wall x9 |
| 13:48 | Greegos · wall_segment Stone Wall x6 |
| 14:00 | Greegos · wall_segment Stone Wall x4 |
| 14:03 | Jumilka5029 · wall_segment Stone Wall x3 |
| 14:04 | JohnCarter · wall_segment Palisade Wall x3 |
| 14:08 | Jumilka5029 · wall_segment Stone Wall x23 |
| 14:45 | Jumilka5029 · wall_segment Palisade Wall x1 |
| 15:11 | Greegos · first_building Stable |
| 16:19 | Velkej_kiba · age_up castle |
| 16:22 | Filrej · wall_segment Stone Wall x7 |
| 16:44 | Jumilka5029 · wall_segment Stone Wall x1 |
| 16:57 | Filrej · age_up castle |
| 16:59 | Velkej_kiba · first_building Stable |
| 17:04 | Jumilka5029 · first_market_sell 100 food |
| 17:05 | Jumilka5029 · first_market_buy 100 stone |
| 17:23 | JohnCarter · first_market_buy 100 food |
| 17:29 | [M] Nico · age_up castle |
| 17:44 | Velkej_kiba · wall_segment Palisade Wall x7 |
| 18:05 | Velkej_kiba · first_market_buy 100 wood |
| 18:09 | Velkej_kiba · first_market_sell 100 food |
| 18:48 | [M] Nico · resign |
| 18:52 | Greegos · wall_segment Stone Wall x10 |
[ AI ANALYSIS · 1 CREDIT ]
What really happened in this match?
Wolo.gg analyzes every decision: build order, eco, micro, common mistakes by bracket. Personalized analysis on WhatsApp or Discord in 30 seconds.
Civ guide
Teutons
Map guide
Lombardia
Perfil
[M] Nico